 Dungeon Crawl Stone Soup version 0.20-b1-24-gb21faa7 (webtiles) character file.

218 cereshysteria the Poker (level 5, -6/49 HPs)
             Began as a Naga Gladiator on May 25, 2017.
             Mangled by a gnoll
             ... wielding a +0 spear
              (7 damage)
             ... on level 2 of the Dungeon.
             The game lasted 00:04:29 (1347 turns).

cereshysteria the Poker (Naga Gladiator)            Turns: 1347, Time: 00:04:30

Health: -6/49      AC:  4    Str: 18    XL:     5   Next: 95%
Magic:  5/5        EV: 10    Int:  8    God:
Gold:   72         SH:  0    Dex: 12    Spells: 4/4 levels left

rFire    . . .     SeeInvis +   a - +0 trident
rCold    . . .     Gourm    .   (no shield)
rNeg     . . .     Faith    .   b - +0 leather armour
rPois    +         Spirit   .   c - +0 helmet
rElec    .         Reflect  .   (no cloak)
rCorr    +         Harm     .   (no gloves)
MR       .....                  (no barding)
Stlth    ++........             (no amulet)
Regen    0.2/turn               g - ring of stealth
MPRegen  0.1/turn               l - ring of resist corrosion

@: very slow
A: see invisible, deformed body, poison resistance, slowness 2, slow metabolism
1, spit poison 1, AC +1
a: Spit Poison


You were on level 2 of the Dungeon.
You were not hungry.

You visited 1 branch of the dungeon, and saw 2 of its levels.

You collected 72 gold pieces.

Inventory:

Hand Weapons
 a - a +0 trident (weapon)
 o - a +0 short sword of speed
Armour
 b - a +0 leather armour (worn)
 c - a +0 helmet (worn)
Magical Staves
 q - an uncursed staff of power {unknown}
Jewellery
 g - a ring of stealth (left hand)
 l - a ring of resist corrosion (right hand)
Scrolls
 i - 2 scrolls of teleportation
 m - 2 scrolls of remove curse
Potions
 e - a potion of agility {unknown}
 h - a potion of haste
 p - a potion of curing {unknown}
Comestibles
 f - a bread ration
 j - a meat ration
 k - a royal jelly


   Skills:
 * Level 3.2 Fighting
 * Level 4.2 Polearms
 + Level 2.6 Throwing
 + Level 1.2 Armour
 * Level 3.2 Dodging


You had 4 spell levels left.
You didn't know any spells.

Dungeon Overview and Level Annotations

Branches:
Dungeon (2/15)

Altars:


Innate Abilities, Weirdness & Mutations

You cannot wear boots.
Your serpentine skin is tough. (AC +1)
You have supernaturally acute eyesight. (SInv)
Armour fits poorly on your strangely shaped body.
Your system is resistant to poisons. (rPois)
You cover ground very slowly.
You have a slow metabolism.
You can spit poison.


Message History

Press: ? - help, Shift-Dir - straight line, f/p - gnoll
Aim: a gnoll, wielding a flail You throw a throwing net.
The throwing net hits the gnoll.
The gnoll is caught in the net!
The gnoll struggles against the net.
The gnoll struggles against the net. x3
The gnoll struggles against the net. x3
The gnoll struggles against the net. x2
The net rips apart, and the gnoll comes free!
The gnoll struggles against the net. x2
The net rips apart, and the gnoll comes free!
The gnoll hits you from afar with a spear.
* * * LOW HITPOINT WARNING * * *
The gnoll barely misses you.
The gnoll hits you from afar with a spear.
* * * LOW HITPOINT WARNING * * *
The gnoll hits you from afar with a spear.
* * * LOW HITPOINT WARNING * * *
There is a stone staircase leading down here.
The gnoll hits you from afar with a spear!
You die...

### ####..###. #.)
...#.....# #.# #........
#.# ###.....# ###.###
#..#.#. g#.####..)..#
##......
#.......###.#####..#.†#.
...####.# #.......###...
#@###........#...#
#.....######...#..
###g#.# #..###. #g#.#
#..# . #g#.# #.#. .
#.#.# ..###. . ####.#.#
.... ## #......##.....
#....##..........


You could see 2 gnolls.

Vanquished Creatures
  Sigmund (D:2)
  A gnoll (D:2)
  An adder (D:2)
  2 dart slugs (D:1)
  3 leopard geckos (D:1)
  A ball python (D:1)
  4 bats
  A giant cockroach (D:1)
  A goblin (D:1)
  3 hobgoblins (D:1)
  3 kobolds (D:1)
  3 frilled lizards (D:1)
  4 rats
28 creatures vanquished.

Notes
Turn   | Place    | Note
-------+----------+-------------------------------------------
     0 | D:1      | cereshysteria the Naga Gladiator began the quest for the Orb.
     0 | D:1      | Reached XP level 1. HP: 19/19 MP: 1/1
   364 | D:1      | Reached XP level 2. HP: 26/26 MP: 2/2
   883 | D:1      | Reached XP level 3. HP: 32/32 MP: 3/3
  1196 | D:2      | Noticed Sigmund
  1216 | D:2      | Killed Sigmund
  1216 | D:2      | Reached skill level 4 in Polearms
  1216 | D:2      | Reached skill level 1 in Armour
  1216 | D:2      | Reached XP level 4. HP: 19/42 MP: 4/4
  1216 | D:2      | Reached XP level 5. HP: 22/49 MP: 5/5
  1346 | D:2      | HP: 1/49 [gnoll/spear (3)]
  1347 | D:2      | Mangled by a gnoll

Skill      XL: |  1  2  3 |
---------------+----------+-----
Throwing       | 2 |  2.6
Fighting       | 3 |  3.2
Polearms       | 4 |  4.2
Armour         | 1 |  1.2
Dodging        | 3 |  3.2

Action                   |  1- 3 |  4- 6 || total
-------------------------+-------+-------++-------
Melee: Trident           |    78 |     5 ||    83
Throw: Throwing net      |       |     3 ||     3
 Abil: Spit Poison       |     1 |       ||     1
  Use: Potion            |     2 |       ||     2
       Scroll            |     3 |       ||     3
  Eat: Bread ration      |       |     1 ||     1
Armor: Leather armour    |    38 |     2 ||    40
Dodge: Dodged            |    64 |     3 ||    67
